 Dungeon Crawl Stone Soup version 0.25.1-9-gc5326a611f (webtiles) character file.

Game seed: 8704267539274116631

55 Clowwww the Skirmisher (level 3, 0/29 HPs)
             Began as a Demonspawn Fighter on Jan 3, 2021.
             Succumbed to an adder's poison
             ... on level 2 of the Dungeon.
             The game lasted 00:02:00 (1228 turns).

Clowwww the Skirmisher (Demonspawn Fighter)         Turns: 1228, Time: 00:02:00

Health: 0/29       AC:  6    Str: 17    XL:     3   Next: 67%
Magic:  3/3        EV:  6    Int:  9    God:
Gold:   76         SH:  8    Dex: 12    Spells: 2/2 levels left

rFire    . . .     SeeInvis .   a - +0 war axe
rCold    . . .     Gourm    .   c - +0 kite shield
rNeg     . . .     Faith    .   b - +0 scale mail
rPois    .         Spirit   .   (no helmet)
rElec    .         Reflect  .   (no cloak)
rCorr    .         Harm     .   (no gloves)
MR       .....                  (no boots)
Stlth    ..........             k - amulet of magic regeneration (curse)
HPRegen  0.09/turn              (no ring)
MPRegen  0.33/turn              (no ring)

@: lethally poisoned (0 -> -7), drained
A: hooves 1
a: no special abilities


You were on level 2 of the Dungeon.
You were not hungry.

You visited 1 branch of the dungeon, and saw 2 of its levels.

You collected 76 gold pieces.

Inventory:

Hand Weapons
 a - a +0 war axe (weapon)
Missiles
 l - 2 javelins (quivered)
Armour
 b - a +0 scale mail (worn)
 c - a +0 kite shield (worn)
Jewellery
 k - a cursed amulet of magic regeneration (around neck)
Scrolls
 e - 2 scrolls of identify {unknown}
 i - a scroll of fog {unknown}
 n - a scroll of random uselessness {unknown}
Potions
 d - a potion of might
 h - a potion of heal wounds {unknown}
 j - a potion of mutation {unknown}
 m - a potion of flight {unknown}
Comestibles
 f - 3 rations


   Skills:
 + Level 3.3(2.5) Fighting
 * Level 2.8(2.1) Axes
 + Level 3.0(2.3) Armour
 + Level 0.4(0.0) Dodging
 + Level 2.8(2.1) Shields


You had 2 spell levels left.
You didn't know any spells.
Your spell library was empty.

Dungeon Overview and Level Annotations

Branches:
Dungeon (2/15)

Altars:


Innate Abilities, Weirdness & Mutations

You have large cloven feet.


Message History

Your shield and scale mail prevent you from hitting the adder.
Your kick misses the adder.
The adder is heavily wounded.
You feel sick. You block the adder's attack. x2
You hit the adder but do no damage.
The adder is moderately wounded.
You feel sick. You block the adder's attack. x2
You slash the adder!
You kill the adder!
You feel sick.
You barely miss the worm.
You feel sick.
You slash the worm! You kick the worm.
The worm is severely wounded.
You feel sick. The worm bites you!
* * * LOW HITPOINT WARNING * * *
You hit the worm. Your kick misses the worm.
The worm is almost dead.
* * * LOW HITPOINT WARNING * * *
You feel sick. You block the worm's attack.
You die...

...........#
#........######....
...........# #........#
###.. ...........#
#........# #.#
...........# #........#
#.#
...........####........#
#.#
...........'..........[#
#.#
#####'#....#####'#######
#.# #.#....# #.# #.#
#.###### #@# #.# #.# #.#
#.# #.# #w# #.# #.# #.#
#.# #.# #.# #.# #.# #.#
#.. #.# ### #.# #.#


You could see a worm.

Vanquished Creatures
  2 adders (D:2)
  An ooze (D:1)
  A worm (D:2)
  2 dart slugs (D:1)
  A leopard gecko (D:2)
  2 goblins
  3 hobgoblins (D:1)
  4 kobolds
  2 bats
  2 frilled lizards
  7 rats
27 creatures vanquished.

Notes
Turn   | Place    | Note
-------+----------+-------------------------------------------
     0 | D:1      | Clowwww the Demonspawn Fighter began the quest for the Orb.
     0 | D:1      | Reached XP level 1. HP: 18/18 MP: 1/1
    66 | D:1      | Gained mutation: You have large cloven feet. [demonic
                  | ancestry]
    66 | D:1      | Reached XP level 2. HP: 11/24 MP: 2/2
   678 | D:2      | Reached XP level 3. HP: 16/29 MP: 3/3
  1227 | D:2      | HP: 1/29 [poisoned by an adder]
  1228 | D:2      | Succumbed to an adder's poison

Illustrated notes

Levels and vault maps discovered:
D:1:      minmay_arrival_shattered_statue, layout_rooms
D:2:      layout_basic, first_ration

Skill      XL: |  1  2 |
---------------+-------+-----
Axes           | 2 |  2.8
Armour         | 3 |  3.0
Fighting       | |  3.3
Dodging        | |  0.4
Shields        | |  2.8

Action                   || total
-------------------------++-------
Melee: War axe           ||    85
       Kick              ||    12
Throw: Javelin           ||     2
  Eat: Chunk             ||     1
Armor: Scale mail        ||    30
Dodge: Dodged            ||    18
Block: Kite shield       ||    43
